 Dungeon Crawl Stone Soup version 0.26.1-2-gb8aa6d0cf2 (webtiles) character file.

Game seed: 42123303779038058

182 Gabide the Cudgeller (level 5, -4/41 HPs)
             Began as a Human Monk on Feb 19, 2021.
             Slain by a phantom (8 damage)
             ... on level 4 of the Dungeon.
             The game lasted 00:06:17 (4400 turns).

Gabide the Cudgeller (Human Monk)                   Turns: 4400, Time: 00:06:17

Health: -4/41      AC:  2    Str: 11 (13) XL:     5   Next: 93%
Magic:  5/5        EV: 13    Int:  9 (10) God:
Gold:   130        SH:  0    Dex: 14 (15) Spells: 4/4 levels left

rFire    . . .     SeeInvis .   g - +0 flail
rCold    . . .     Faith    .   (no shield)
rNeg     . . .     Spirit   .   b - +0 robe
rPois    .         Reflect  .   (no helmet)
rElec    .         Harm     .   (no cloak)
rCorr    .         Rampage  .   (no gloves)
Will     .....                  (no boots)
Stlth    +++.......             (no amulet)
HPRegen  0.13/turn              c - ring of stealth
MPRegen  0.09/turn              a - ring of wizardry

@: no status effects
A: no striking features
a: no special abilities


You were on level 4 of the Dungeon.
You visited 1 branch of the dungeon, and saw 4 of its levels.

You collected 130 gold pieces.

Inventory:

Hand Weapons
 g - a +0 flail (weapon)
Missiles
 d - 7 poisoned darts (quivered)
 k - 2 boomerangs of dispersal
Armour
 b - a +0 robe (worn)
Jewellery
 a - a ring of wizardry (right hand)
 c - a ring of stealth (left hand)
Scrolls
 f - a scroll of remove curse
Potions
 e - a potion of ambrosia {unknown}
 h - a potion of attraction {unknown}
 i - 2 potions of magic
 j - a potion of mutation {unknown}


   Skills:
 + Level 3.4 Fighting
 * Level 4.4 Maces & Flails
 * Level 2.7 Throwing
 + Level 3.3 Dodging
 + Level 2.4 Stealth


You had 4 spell levels left.
You didn't know any spells.
Your spell library contained the following spells:

 Spells                   Type           Power        Failure   Level
 Corona                   Hex            0%           16%         1
 Ensorcelled Hibernation  Hex/Ice        0%           24%         2
 Confusing Touch          Hex            0%           43%         3
 Dazzling Flash           Conj/Hex       0%           43%         3
 Tukima's Dance           Hex            0%           43%         3


Dungeon Overview and Level Annotations

Branches:
Dungeon (4/15)
 Temple: D:4-7

Altars:
Nemelex Xobeh
Zin


Message History

You hit the howler monkey skeleton.
The howler monkey skeleton is lightly damaged.
The phantom closely misses you.
The howler monkey skeleton closely misses you.
You hit the phantom.
The phantom is heavily damaged.
The phantom hits you!
* * * LOW HITPOINT WARNING * * *
The howler monkey skeleton closely misses you.
The phantom closely misses you.
You miss the phantom.
The phantom is heavily damaged.
The howler monkey skeleton completely misses you.
The phantom barely misses you.
You barely miss the phantom.
The phantom is heavily damaged.
The howler monkey skeleton hits you.
* * * LOW HITPOINT WARNING * * *
The phantom hits you!
You die...

#########..#
#...........
#.######...) #.#
. #.# #.# #.#
#W# ## #@#
##.##Z#
..##...#.####...
................
####.....####...
##.#.## ###.#
#.# #.#


You could see a phantom and a howler monkey skeleton.

Vanquished Creatures
  A howler monkey skeleton (D:4)
  7 adders
  2 oozes (D:2)
  2 worms
  A dart slug (D:1)
  2 leopard geckos
  2 orcs (D:3)
  2 giant cockroaches
  6 goblins
  12 hobgoblins
  7 jackals (D:2)
  A quokka (D:3)
  2 ball pythons
  14 bats
  9 frilled lizards
  9 kobolds
  11 rats
90 creatures vanquished.

Notes
Turn   | Place    | Note
-------+----------+-------------------------------------------
     0 | D:1      | Gabide the Human Monk began the quest for the Orb.
     0 | D:1      | Reached XP level 1. HP: 18/18 MP: 1/1
   258 | D:1      | Reached XP level 2. HP: 15/24 MP: 2/2
   703 | D:1      | Reached skill level 1 in Throwing
   783 | D:1      | Reached XP level 3. HP: 27/29 MP: 3/3
  1739 | D:2      | Reached XP level 4. HP: 25/35 MP: 4/4
  2076 | D:2      | Reached skill level 4 in Maces & Flails
  2706 | D:2      | Reached XP level 5. HP: 22/41 MP: 5/5
  3123 | D:3      | Found a sparkling altar of Nemelex Xobeh.
  4131 | D:3      | Found a glowing silver altar of Zin.
  4380 | D:4      | Noticed a phantom
  4400 | D:4      | Slain by a phantom

Illustrated notes

Levels and vault maps discovered:
D:1:      amcnicky_arrival_flooded_fountain, layout_loops_ring,
          chequers_serial_rivers_micro_c, minmay_pentomino_u2
D:2:      layout_loops_ring, minmay_hedge_maze, grunt_decor_clamped,
          minmay_quadrilaterals
D:3:      layout_basic, general_overflow_altar, lemuel_doored_altar,
          gup_sewer_entry_spiral, serial_curves, eino_curves_04, eino_curves_02
D:4:      layout_loops_ring, minmay_overflow_temple_star_quad,
          grunt_decor_fettered

Skill      XL: |  1  2  3  4 |
---------------+-------------+-----
Throwing       | 1 2 |  2.7
Maces & Flails | 4 |  4.4
Fighting       | |  3.4
Dodging        | |  3.3
Stealth        | |  2.4

Action                   |  1- 3 |  4- 6 || total
-------------------------+-------+-------++-------
Melee: Mace              |   110 |   121 ||   231
       Flail             |       |    29 ||    29
Throw: Dart              |    58 |    61 ||   119
  Use: Scroll            |     2 |     3 ||     5
       Potion            |       |     8 ||     8
 Stab: Sleeping          |     3 |     4 ||     7
Armor: Robe              |    19 |    23 ||    42
Dodge: Dodged            |   108 |   151 ||   259
